 Dungeon Sprint DCSS version 0.18.1-50-g88ac8fd (webtiles) character file.

1853 Kagutsuchi the Fighter (level 8, -23/84 HPs)
             Began as a Yellow Draconian Berserker on Oct 22, 2016.
             Was an Elder of Trog.
             Annihilated by a boulder beetle (34 damage)
             ... in the Dungeon (Sprint II: "The Violet Keep of Menkaure").
             The game lasted 00:05:42 (1775 turns).

Kagutsuchi the Fighter (Yellow Draconian Berserker) Turns: 1775, Time: 00:05:42

Health: -23/84     AC:  6    Str: 20    XL:     8   Next: 89%
Magic:  8/8        EV: 17    Int:  8    God:    Trog [****..]
Gold:   582        SH:  0    Dex: 12    Spells: 0 memorised, 7 levels left

rFire  . . .     SeeInvis .     b - +2 executioner's axe (freeze)
rCold  . . .     Gourm    .     (armour unavailable)
rNeg   . . .     Faith    .     (shield currently unavailable)
rPois  .         Spirit   .     (helmet restricted)
rElec  .         Dismiss  .     (no cloak)
rCorr  +         Reflect  .     (no gloves)
SustAt .         Harm     .     (no boots)
MR     .....     NoTele   +     (no amulet)
Stlth  +.........               (no ring)
                                (no ring)

@: starving, not resistant to hostile enchantments, very unstealthy
A: spit acid, acid resistance, unfitting armour, cold-blooded, AC +6
a: Spit Acid, Berserk, Trog's Hand, Brothers in Arms, Burn Spellbooks, Renounce
Religion


You were in the Dungeon.
You worshipped Trog.
Trog was greatly pleased with you.
You were starving.

You visited 1 branch You collected 972 gold pieces.
You spent 390 gold pieces at shops.

Inventory:

Hand Weapons
 a - a +0 falchion
 b - a +2 executioner's axe of freezing (weapon)
Missiles
 c - a bolt
 d - 3 poisoned javelins (quivered)
Potions
 e - a potion of haste
 f - 2 potions of magic
 g - a potion of berserk rage


   Skills:
 + Level 12.3 Fighting
 + Level 12.1 Long Blades
 + Level 2.0 Axes
 + Level 10.7 Dodging
 + Level 1.3 Stealth


You had 7 spell levels left.
You didn't know any spells.

Dungeon Overview and Level Annotations

Branches:
Dungeon (1/1)

Altars:
Cheibriados
Dithmenos
Elyvilon
Fedhas
Gozag
Kikubaaqudgha
Makhleb
Nemelex Xobeh
Okawaru
Pakellas
Qazlal
Ru
Sif Muna
Trog
Vehumet
Xom
Yredelemnul
Zin
The Shining One
Beogh
Jiyva
Lugonu

Shops:
D :}=[!%?(:[}=**[!

Annotations:
D exclusion: oklob plant


Innate Abilities, Weirdness & Mutations

You can spit globs of acid.
You are resistant to acid.
Your golden yellow scales are hard (AC +6).
Your body does not fit into most forms of armour.
You are cold-blooded and may be slowed by cold attacks.


Message History

There is an open door, spattered with blood here.
You enter the shallow water.
Moving in this stuff is going to be slow.
Your unstable footing causes you to fumble your attack.
The boulder beetle bites you!!
You slash the boulder beetle! You freeze the boulder beetle.
The boulder beetle is severely wounded.
The boulder beetle misses you.
You hit the boulder beetle. You freeze the boulder beetle.
The boulder beetle is severely wounded.
The boulder beetle bites you.
You hit the boulder beetle. You freeze the boulder beetle.
The boulder beetle is almost dead.
The boulder beetle closely misses you.
You hit the boulder beetle. You freeze the boulder beetle.
The boulder beetle is almost dead.
The boulder beetle bites you!!!
* * * LOW HITPOINT WARNING * * *
The boulder beetle bites you!!
You die... #+##.. .#.##.#### +.### .#..# ...# ...# ## ...####..## #..# .# #'###.##..# +..# .# ?! #.###..#..# #..# .# (($(

.<.'.##'..####..##.#▓[$%%
#.###..#....###.^)##▓▓▓▓▓
#'###.##......≈B@≈≈≈≈≈≈≈≈
...####≈§.....≈#'########
.#).#≈≈≈§≈§≈..≈#..._._..#
...##≈≈≈≈§§≈§§§#.._._._.#
#'##≈≈≈≈§≈§§§≈≈#._._._..#
≈≈≈≈≈≈≈≈§§≈§§§≈#_._._._.#
+#+++#≈≈≈≈§§§§§#._._._..#
SS§§ ##≈≈≈###§≈#_._._...#
§≈≈≈§§##≈≈ #≈≈#._._....


You could see a boulder beetle.

Vanquished Creatures
  A siren (D)
  A yaktaur (D)
  3 polar bears (D)
  Menkaure (D)
  A wasp (D)
  4 necrophages (D)
  4 worker ants (D)
15 creatures vanquished.

Vanquished Creatures (others)
  A boulder beetle (D)
  A crocodile (D)
2 creatures vanquished.

Grand Total: 17 creatures vanquished

Notes
Turn   | Place    | Note
--------------------------------------------------------------
     0 | D        | Kagutsuchi the Draconian Berserker began the quest for the Orb.
     0 | D        | Reached XP level 1. HP: 19/19 MP: 1/1
     1 | D        | Noticed a worker ant
     1 | D        | Noticed a worker ant
     4 | D        | Killed a worker ant
     4 | D        | Reached XP level 2. HP: 28/28 MP: 2/2
     8 | D        | Reached ** piety under Trog
     8 | D        | Reached skill level 5 in Fighting
     8 | D        | Reached skill level 5 in Long Blades
     8 | D        | Reached XP level 3. HP: 36/36 MP: 3/3
    11 | D        | Reached XP level 4. HP: 44/44 MP: 4/4
    13 | D        | Reached skill level 5 in Dodging
    40 | D        | Killed a crocodile
   161 | D        | Noticed a boulder beetle
   161 | D        | Noticed a boulder beetle
   167 | D        | Noticed a necrophage
   167 | D        | Noticed a necrophage
   167 | D        | Noticed a necrophage
   167 | D        | Noticed a necrophage
   171 | D        | Killed a necrophage
   171 | D        | Reached XP level 5. HP: 53/53 MP: 5/5
   176 | D        | Killed a necrophage
   176 | D        | Reached XP level 6. HP: 62/62 MP: 6/6
   219 | D        | Noticed a siren
   231 | D        | Killed a siren
   231 | D        | Reached *** piety under Trog
   231 | D        | Reached skill level 10 in Long Blades
   231 | D        | Your scales start taking on a golden yellow colour.
   231 | D        | Reached XP level 7. HP: 48/74 MP: 7/7
   455 | D        | Found Meusuu Dufell's Antique Armour Emporium.
   457 | D        | Found Dyvvuaho's General Store.
   459 | D        | Found Veriy's Antique Armour Shoppe.
   459 | D        | Found Emniklos's Book Emporium.
   459 | D        | Found Abruysiu's Antique Weapon Shoppe.
   460 | D        | Found Puty's Food Emporium.
   460 | D        | Found Quxkoj's Distillery.
   461 | D        | Found Hucapluxe's Jewellery Shoppe.
   461 | D        | Found Sych's Antique Armour Emporium.
   462 | D        | Found Qurohue's Jewellery Shoppe.
   462 | D        | Found Zapo's Gadget Emporium.
   463 | D        | Found Xoss's General Store.
   463 | D        | Found Parravut's Magic Scroll Emporium.
   463 | D        | Noticed a polar bear
   464 | D        | Found Nyskum's Distillery.
   464 | D        | Found Ziydep's Gadget Emporium.
   467 | D        | Noticed Menkaure
   467 | D        | Noticed a polar bear
   467 | D        | Noticed an oklob plant
   468 | D        | Found Lumaat's Book Shoppe.
   469 | D        | Noticed a fire dragon
   492 | D        | Killed Menkaure
   506 | D        | Bought a glowing executioner's axe for 230 gold pieces
   512 | D        | Bought a potion of heal wounds for 50 gold pieces
   512 | D        | Bought a potion of curing for 30 gold pieces
   512 | D        | Bought a potion of heal wounds for 50 gold pieces
   512 | D        | Bought a potion of curing for 30 gold pieces
   919 | D        | Found a burning altar of Makhleb.
   921 | D        | Found a roughly hewn altar of Beogh.
   921 | D        | Found a shadowy altar of Dithmenos.
   922 | D        | Found a bloodstained altar of Trog.
   923 | D        | Found a deep blue altar of Sif Muna.
   924 | D        | Found a stormy altar of Qazlal.
   924 | D        | Found a sacrificial altar of Ru.
   924 | D        | Found a white marble altar of Elyvilon.
   925 | D        | Found a glowing silver altar of Zin.
   925 | D        | Found a sparkling altar of Nemelex Xobeh.
   925 | D        | Found a glowing golden altar of the Shining One.
   925 | D        | Found a radiant altar of Vehumet.
   926 | D        | Found a corrupted altar of Lugonu.
   926 | D        | Found a blossoming altar of Fedhas.
   926 | D        | Found an oddly glowing altar of Pakellas.
   927 | D        | Found an iron altar of Okawaru.
   927 | D        | Found an opulent altar of Gozag.
   927 | D        | Found a basalt altar of Yredelemnul.
   929 | D        | Found an ancient bone altar of Kikubaaqudgha.
   929 | D        | Found a shimmering altar of Xom.
   930 | D        | Noticed a polar bear
   932 | D        | Noticed a polar bear
   932 | D        | Noticed a yaktaur
   933 | D        | Noticed a polar bear
   935 | D        | Killed a polar bear
   935 | D        | Reached XP level 8. HP: 82/82 MP: 8/8
   936 | D        | Killed a polar bear
   936 | D        | Received a gift from Trog
   936 | D        | Reached skill level 10 in Dodging
   939 | D        | Killed a polar bear
   939 | D        | Reached **** piety under Trog
   939 | D        | Reached skill level 1 in Axes
   939 | D        | Reached skill level 1 in Stealth
   939 | D        | Killed a yaktaur
   943 | D        | Found a snail-covered altar of Cheibriados.
   943 | D        | Found a viscous altar of Jiyva.
  1507 | D        | Killed a boulder beetle
  1775 | D        | Annihilated by a boulder beetle

Skill      XL: |  1  2  3  4  5  6  7  8 |
---------------+-------------------------+-----
Fighting       | 4 5 6 7 8 11 12 | 12.3
Long Blades    | 4 5 7 8 10 11 12 | 12.1
Dodging        | 3 4 6 8 9 10 | 10.7
Axes           | 2 |  2.0
Stealth        | 1 |  1.3

Action                   |  1- 3 |  4- 6 |  7- 9 || total
-------------------------+-------+-------+-------++-------
Melee: Falchion          |     7 |    32 |    10 ||    49
       Tailslap          |       |     6 |     2 ||     8
       Executioner's axe |       |       |    12 ||    12
Invok: Berserk           |     1 |     1 |     1 ||     3
       Trog's Hand       |       |       |     1 ||     1
 Abil: Spit Acid         |       |       |     3 ||     3
  Use: Potion            |       |     1 |     5 ||     6
       Scroll            |       |       |     1 ||     1
  Eat: Bread ration      |       |     1 |       ||     1
Armor: Skin              |       |     5 |     6 ||    11
Dodge: Dodged            |     1 |    14 |    28 ||    43
